Map: Ephemeron LE

Players

Mez - Winner!

  • Race: Terran Terran
  • League: Master
  • Spawn Location: 11:00

CuKu

  • Race: Terran Terran
  • League: Master
  • Spawn Location: 5:00

VOD

Have the link to the VOD?

Description

Time

  • Played on: Sept. 5, 2019, 1:38 p.m.
  • Length: 4:50
Show
View Real Time Build Order
Export as new Build Order

Mez Terran - Winner!

Build Orders: Gas First Reaper Expand, Hellion Opening 

Get SALT Encoding   

  12  0:00  SCV  
  13  0:12  SCV  
  14  0:17  Supply Depot  
  14  0:24  SCV  
  15  0:28  Refinery  
  15  0:38  SCV  
  16  0:45  Barracks  
  16  0:50  SCV  
  17  1:03  SCV  
  18  1:15  SCV  
  19  1:33  Orbital Command, Reaper  
  20  1:48  Command Center  
  20  1:58  Factory  
  20  2:01  SCV  
  20  2:07  Barracks Reactor  
  21  2:13  Supply Depot  
  21  2:16  SCV  
  22  2:23  Refinery  
  22  2:28  SCV  
  23  2:40  SCV  
  24  2:45  Starport  
  26  2:51  Hellion x2, Barracks Tech Lab  
  28  2:58  SCV  
  28  3:04  Orbital Command  
  32  3:13  Hellion  
  32  3:14  Marauder  
  32  3:19  Hellion  
  35  3:34  Hellion  
  35  3:38  Medivac  
  35  3:39  Marauder  
  35  3:40  Hellion  
  43  3:46  Concussive Shells  
  44  3:55  SCV  
  44  3:56  SCV  
  45  4:10  Supply Depot  
  45  4:13  Hellion x2  
  52  4:24  SCV x2  
  53  4:33  Supply Depot  
  53  4:37  Command Center  
Show
View Real Time Build Order
Export as new Build Order

CuKu Terran 

Build Orders: Reaper Expand 

Get SALT Encoding   

  12  0:02  SCV  
  13  0:15  SCV  
  13  0:20  Supply Depot  
  14  0:27  SCV  
  15  0:42  SCV  
  16  0:43  Refinery  
  16  0:45  Barracks  
  16  0:54  SCV  
  17  1:08  SCV  
  18  1:33  Orbital Command, Reaper  
  19  1:43  Command Center  
  19  2:02  SCV  
  19  2:03  Supply Depot  
  19  2:05  Marine  
  21  2:15  SCV  
  22  2:29  Factory, Barracks Reactor  
  22  2:36  SCV  
  22  2:39  Refinery  
  22  2:48  SCV  
  23  2:55  Orbital Command  
  23  3:00  SCV  
  24  3:12  SCV  
  24  3:26  Barracks Tech Lab  
  23  3:38  Hellion  
  23  3:39  Hellion  
  27  3:42  SCV x2, Starport  
  29  3:52  Supply Depot  
  29  3:54  SCV  
  29  3:55  SCV  
  31  4:00  Hellion x2  
  35  4:04  Barracks Tech Lab  
  35  4:05  Supply Depot  
  35  4:06  SCV  
  35  4:07  SCV  
  37  4:18  SCV  
  37  4:19  SCV  
  39  4:30  SCV  
  40  4:31  SCV  
  40  4:33  Supply Depot  
Tags
 
Add a new tag
Caveats
  • Supply blocks, unpowered buildings, or Contaminate may cause inaccurate times.
  • Supply counts are checked every 10 seconds.